 Dungeon Crawl Stone Soup version 0.28-a0-697-g47f3eba078 (webtiles) character file.

Game seed: 1291048899307011035

280 timneilson the Covered (level 6, 0/57 HPs)
             Began as a Gargoyle Fighter on Oct 23, 2021.
             Slain by a hobgoblin zombie (2 damage)
             ... in an ossuary.
             The game lasted 00:07:01 (3615 turns).

timneilson the Covered (Gargoyle Fighter)           Turns: 3615, Time: 00:07:01

Health: 0/57       AC: 23    Str: 22    XL:     6   Next: 27%
Magic:  6/6        EV:  2    Int:  8    God:
Gold:   187        SH:  4    Dex:  9    Spells: 5/5 levels left

rFire   . . .      SeeInvis .   a - +0 long sword
rCold   . . .      Faith    .   c - +0 buckler
rNeg    + . .      Spirit   .   (armour currently unavailable)
rPois   ∞          Reflect  .   (helmet currently unavailable)
rElec   .          Harm     .   (cloak currently unavailable)
rCorr   .          Rampage  .   (gloves currently unavailable)
Will    .....      NoTele   +   (boots currently unavailable)
Stlth   +.........              (no amulet)
HPRegen 0.19/turn               (no ring)
MPRegen 0.10/turn               (no ring)

@: mighty, tree-form
A: stationary, stasis, torment immunity, boosted hp, sickness immunity, AC +4,
negative energy resistance 1, (electricity resistance), torment resistance 1,
petrification resistance
a: no special abilities


You were in an ossuary.
You were a tree.
You visited 1 branch of the dungeon, and saw 4 of its levels.
You also visited: Ossuary.

You collected 187 gold pieces.

Inventory:

Hand Weapons
 a - a +0 long sword (weapon)
Armour
 c - a +0 buckler (worn)
 f - a +0 pair of boots (melded)
 g - a +0 chain mail (melded)
 k - a +0 plate armour
 o - a +0 cloak (melded)
Wands
 m - a wand of mindburst (15)
 n - a wand of digging (7)
Scrolls
 h - a scroll of blinking {unknown}
 i - a scroll of fog
 j - a scroll of holy word {unknown}
 p - a scroll of teleportation
 q - a scroll of identify


   Skills:
 + Level 4.0 Fighting
 * Level 3.2 Long Blades
 * Level 4.6 Armour
 + Level 1.4 Dodging
 * Level 4.6 Shields
 + Level 0.4 Evocations


You had 5 spell levels left.
You didn't know any spells.
Your spell library contained the following spells:

 Spells                   Type           Power      Damage    Failure   Level
 Conjure Flame            Conj/Fire      0%         6-21      78%         3
 Ignite Poison            Fire/Tmut/Pois 0%         N/A       78%         3
 Animate Dead             Necr           0%         N/A       99%         4
 Sticky Flame             Conj/Fire      0%         2d3       99%         4
 Borgnjor's Vile Clutch   Necr/Erth      0%         N/A       100%        5
 Death Channel            Necr           0%         N/A       100%        6


Dungeon Overview and Level Annotations

Branches:
Dungeon (4/15)            Ossuary (1/1)
 Temple: D:4-7

Altars:

Shops:
D:1 (?!


Innate Abilities, Weirdness & Mutations

You are a tree.
Your roots penetrate the ground, keeping you stationary.
You cannot be teleported.
You are immune to unholy pain and torment.
Your maximum health is greatly increased.
Your equipment is partially melded.
You are immune to sickness and miasma.
((Your stone body is resilient. (AC +4)))
You are immune to poison.
You resist negative energy. (rN+)
((You are resistant to electric shocks. (rElec)))
You are resistant to unholy torment.
You are immune to petrification.


Message History

The centaur zombie kicks you but does no damage.
You slash the mummy!
You destroy the mummy!
You block the centaur zombie's attack.
The centaur zombie kicks you but does no damage.
The hobgoblin zombie hits you but does no damage.
The mummy hits you but does no damage.
The centaur zombie hits you but does no damage.
The centaur zombie kicks you.
* * * LOW HITPOINT WARNING * * *
The hobgoblin zombie barely misses you.
Your Fighting skill increases to level 4!
You hit the mummy.
The mummy is lightly damaged.
The centaur zombie hits you but does no damage.
The centaur zombie kicks you but does no damage.
The mummy hits you but does no damage.
The hobgoblin zombie completely misses you.
Unknown command.
You slash the mummy!
The mummy is heavily damaged.
The centaur zombie hits you but does no damage.
The centaur zombie kicks you but does no damage.
The centaur zombie hits you but does no damage.
The centaur zombie kicks you but does no damage.
You block the hobgoblin zombie's attack.
You barely miss the mummy.
The mummy is heavily damaged.
The centaur zombie hits you but does no damage.
The centaur zombie kicks you but does no damage.
The mummy hits you but does no damage. The hobgoblin zombie barely misses you.
The centaur zombie hits you.
* * * LOW HITPOINT WARNING * * *
You block the centaur zombie's attack.
You slice the mummy!!
You destroy the mummy!
The centaur zombie hits you but does no damage.
The centaur zombie kicks you but does no damage.
The hobgoblin zombie hits you.
You die...

#..^..#
#.^...#
#.....#
#..∩..#
#.....#
#..∩..#
#.....#
#.ZZ..#
#..♣..#
#.....#
##...##
#####


You could see a hobgoblin zombie and a centaur zombie.

Vanquished Creatures
  Crazy Yiuf (D:3)
  A hound (D:4)
  3 mummies (Ossuary)
  7 adders
  4 gnolls (D:3)
  A shadow imp (D:3)
  An ufetubus (D:3)
  2 worms
  4 dart slugs
  2 orcs (D:3)
  7 ball pythons
  2 endoplasms
  A giant cockroach (D:1)
  6 goblins
  10 hobgoblins
  2 quokkas
  2 bats
  A frilled lizard (D:3)
  11 kobolds
  7 rats
75 creatures vanquished.

Notes
Turn   | Place    | Note
-------+----------+-------------------------------------------
     0 | D:1      | timneilson the Gargoyle Fighter began the quest for the
                  | Orb.
     0 | D:1      | Reached XP level 1. HP: 14/14 MP: 1/1
   101 | D:1      | Found Peeratar's Distillery.
   285 | D:1      | Found a faded altar of an unknown god.
   341 | D:1      | Reached XP level 2. HP: 16/19 MP: 2/2
   459 | D:1      | Found Wykkumo's Antique Weapon Shop.
   744 | D:1      | Found Zuaf's Magic Scroll Boutique.
  1429 | D:2      | Reached XP level 3. HP: 21/23 MP: 3/3
  2013 | D:3      | Found a runed translucent door.
  2014 | D:3      | Noticed Crazy Yiuf
  2062 | D:3      | Reached XP level 4. HP: 11/28 MP: 4/4
  2419 | D:3      | Reached skill level 1 in Dodging
  2655 | D:3      | Reached XP level 5. HP: 26/33 MP: 5/5
  3356 | D:3      | HP: 1/33 [Crazy Yiuf (6)]
  3358 | D:3      | Killed Crazy Yiuf
  3552 | D:4      | Found a sand-covered staircase.
  3577 | D:4      | Reached XP level 6. HP: 17/38 MP: 6/6
  3596 | Ossuary  | Entered an ossuary
  3614 | Ossuary  | HP: 1/57 [centaur zombie (3)]
  3615 | Ossuary  | Slain by a hobgoblin zombie

Illustrated notes

Levels and vault maps discovered:
D:1:      matt_arrival_refuge, layout_basic,
          hellmonk_ecumenical_altar_inner_sanctum, serial_shops, shop,
          nicolae_shop_statue_plus, shop, minmay_unequal
D:2:      layout_rooms, serial_bayou_crossing
D:3:      minmay_skewed_foursquare, layout_basic, palyth_stone_intersect,
          minmay_misc_feat_room, uniq_crazy_yiuf_cottage
D:4:      layout_loops_ring, enter_ossuary_1, chequers_avenue
Ossuary:  ossuary_the_hunt_dpeg

Skill      XL: |  1  2  3  4  5  6 |
---------------+-------------------+-----
Long Blades    | 2 3 |  3.2
Shields        | 4 |  4.6
Dodging        | 1 |  1.4
Armour         | 4 |  4.6
Fighting       | 4 |  4.0
Evocations     | |  0.4

Action                   |  1- 3 |  4- 6 || total
-------------------------+-------+-------++-------
Melee: Long sword        |   127 |   207 ||   334
  Use: Scroll            |     7 |       ||     7
       Potion            |       |     5 ||     5
Armor: Scale mail        |    15 |       ||    15
       Chain mail        |    71 |   134 ||   205
       Skin              |       |    25 ||    25
Dodge: Dodged            |    69 |   108 ||   177
Block: Buckler           |    33 |    50 ||    83

Table legend: (Time is in decaauts)
 A = Elapsed time spent in this place.
 B = Non-inter-level travel time spent in this place.
 C = Inter-level travel time spent in this place.
 D = Time resting spent in this place.
 E = Time spent auto-exploring this place.
 F = Levels seen in this place.
 G = Mean time per level.
                   A        B        C        D        E       F      G
               +--------+--------+--------+--------+--------+-----+--------+
         Total |   3712 |   3635 |     77 |    196 |   2488 |   5 |  742.4 |
       Dungeon |   3691 |   3614 |     77 |    196 |   2488 |   4 |  922.8 |
       Ossuary |     21 |     21 |      0 |      0 |      0 |   1 |   21.0 |
               +--------+--------+--------+--------+--------+-----+--------+

Top non-repeatable levels by time:
     D:3: 1563 daAuts
     D:1: 1342 daAuts
     D:2: 575 daAuts
     D:4: 210 daAuts
 Ossuary: 21 daAuts
